 Dungeon Crawl Stone Soup version 0.23-a0-643-g9ccc95a (webtiles) character file.

17 Lanoc the Poker (level 2, 0/23 HPs)
             Began as a Merfolk Gladiator on Jan 1, 2019.
             Slain by Sigmund
             ... wielding a +0 scythe of slicing
              (11 damage)
             ... on level 2 of the Dungeon.
             The game lasted 00:01:22 (514 turns).

Lanoc the Poker (Merfolk Gladiator)                  Turns: 514, Time: 00:01:22

Health: 0/23       AC:  4    Str: 14    XL:     2   Next: 62%
Magic:  2/2        EV: 14    Int:  7    God:
Gold:   51         SH:  0    Dex: 15    Spells: 1/1 levels left

rFire    . . .     SeeInvis .   a - +0 trident
rCold    . . .     Gourm    .   (no shield)
rNeg     . . .     Faith    .   b - +0 leather armour
rPois    .         Spirit   .   c - +0 helmet
rElec    .         Reflect  .   j - scarf {repulsion}
rCorr    .         Harm     .   (no gloves)
MR       .....                  (no boots)
Stlth    +.........             (no amulet)
HPRegen  0.07/turn              (no ring)
MPRegen  0.08/turn              (no ring)

@: repel missiles
A: change form in water, swift swim, stealthy swim
a: no special abilities


You were on level 2 of the Dungeon.
You were not hungry.

You visited 1 branch of the dungeon, and saw 2 of its levels.

You collected 51 gold pieces.

Inventory:

Hand Weapons
 a - a +0 trident (weapon)
Missiles
 d - 3 throwing nets (quivered)
Armour
 b - a +0 leather armour (worn)
 c - a +0 helmet (worn)
 j - a scarf of repulsion (worn)
Jewellery
 r - a +6 ring of evasion {unknown}
Scrolls
 e - 2 scrolls of identify {unknown}
 g - a scroll of immolation {unknown}
 k - a scroll of random uselessness {unknown}
 l - 2 scrolls of remove curse {unknown}
 m - 2 scrolls of amnesia {unknown}
 p - a scroll of magic mapping {unknown}
 q - 2 scrolls of fear {unknown}
Potions
 i - a potion of invisibility {unknown}
 n - a potion of heal wounds {unknown}
 o - a potion of flight {unknown}
Comestibles
 f - 2 rations


   Skills:
 + Level 2.4 Fighting
 * Level 5.0 Polearms
 + Level 2.2 Throwing
 + Level 0.3 Armour
 + Level 4.2 Dodging


You had one spell level left.
You didn't know any spells.
Your spell library was empty.

Dungeon Overview and Level Annotations

Branches:
Dungeon (2/15)

Altars:

Annotations:
D:2 Sigmund


Message History

You resist with significant effort.
Attack whom?
Press: ? - help, Dir - move target cursor, f/p - Sigmund
Aim: Sigmund, wielding a +0 scythe of slicing and wearing a +0 robe (almost You reach to attack!
You closely miss Sigmund.
Sigmund is almost dead.
Sigmund laughs darkly.
Sigmund gestures at you while chanting. The puff of flame hits you!
* * * LOW HITPOINT WARNING * * *
You feel better. Sigmund misses you.
You are too injured to fight recklessly!
You are too injured to fight recklessly!
Attack whom?
Press: ? - help, Dir - move target cursor, f/p - Sigmund
Aim: Sigmund, wielding a +0 scythe of slicing and wearing a +0 robe (almost You reach to attack!
You barely miss Sigmund.
Sigmund is almost dead.
Sigmund hits you from afar with a +0 scythe of slicing!
You die...

### #
#####.### ...
...#...#
.....#.#.#.##
#....@†@.#
#...#<#.##
#...#####
..... .......
#####.. ...
...


You could see Sigmund.

Vanquished Creatures
  2 dart slugs (D:1)
  3 bats (D:1)
  A hobgoblin (D:1)
  A quokka (D:2)
  6 kobolds (D:1)
  A rat (D:1)
14 creatures vanquished.

Notes
Turn   | Place    | Note
-------+----------+-------------------------------------------
     0 | D:1      | Lanoc the Merfolk Gladiator began the quest for the Orb.
     0 | D:1      | Reached XP level 1. HP: 16/16 MP: 1/1
    76 | D:1      | Reached XP level 2. HP: 20/22 MP: 2/2
   495 | D:2      | Noticed Sigmund
   505 | D:2      | Reached skill level 5 in Polearms
   514 | D:2      | Slain by Sigmund

Vault maps used:
D:1:      minmay_arrival_nine_rooms, minmay_misc_feat_rugged
D:2:      nicolae_overflow_quartered_altars, lemuel_round_altar, kennysheep_nub,
          uniq_sigmund

Skill      XL: |  1  2 |
---------------+-------+-----
Polearms       | 5 |  5.0
Fighting       | |  2.4
Throwing       | |  2.2
Armour         | |  0.3
Dodging        | |  4.2

Action                   || total
-------------------------++-------
Melee: Trident           ||    53
  Use: Potion            ||     3
Armor: Leather armour    ||    14
Dodge: Dodged            ||    32
       Deflected         ||     1

Table legend:
 A = Non-vault XP
 B = Vault XP
 C = Vault XP percentage of total XP
 D = Non-vault monster count
 E = Vault monster count
 F = Vault count percentage of total count
                 A         B        C        D         E       F
            +---------+---------+-------+---------+---------+-------
      Total |      25 |       0 |   0.0 |      14 |       0 |   0.0
            +---------+---------+-------+---------+---------+-------
        D:1 |      23 |       0 |   0.0 |      13 |       0 |   0.0
        D:2 |       2 |       0 |   0.0 |       1 |       0 |   0.0
            +---------+---------+-------+---------+---------+-------
